 Dungeon Sprint DCSS version 0.18-a0-1311-g779ca93 (webtiles) character file.

26404409 Kidiri the Ninja (level 20, 78/102 HPs)
             Began as a Spriggan Enchanter on Feb 12, 2016.
             Was the Champion of Dithmenos.
             Escaped with the Orb
             ... and 10 runes on Feb 14, 2016!
             The game lasted 03:14:52 (24378 turns).

Kidiri the Ninja (Spriggan Enchanter)              Turns: 24378, Time: 03:14:52

Health: 78/102     AC: 13    Str:  4    XL:     20   Next: 19%
Magic:  42/42      EV: 49    Int: 29    God:    Dithmenos [******]
Gold:   46         SH: 19    Dex: 31    Spells: 18 memorised, 1 level left

rFire  + . .     SeeInvis +     z - +11 quick blade "Zausm" {pain, +Inv rElec MR+ Str-4}
rCold  + + +     Gourm    .     k - +2 robe "Darghekig" {rElec rC++ Dex+2}
rNeg   . . .     Faith    .     d - +3 buckler {rC+ rF+}
rPois  .         Spirit   .     f - +3 hat of Pondering {ponderous, MR+ MP+10 Int+5}
rElec  +         Dismiss  .     u - +4 dragonskin cloak
rCorr  .         Reflect  +     (gloves unavailable)
SustAt .         Harm     .     (boots unavailable)
MR     +++++     NoTele   +     Q - +3 amulet of reflection
Stlth  ++........               a - ring of flight
                                J - ring of Symmetry {MR+++ MP-9 Int+5 Dex+8}

@: contaminated, glowing, very quick, almost entirely resistant to hostile
enchantments, unstealthy
A: unfitting armour, horns 1, repulsion field 1, see invisible, blink,
deterioration 2, dopey 1, herbivore 3, speed 3, frail 1, low mp 2, magic
resistance 1, sense surroundings 1, screaming 1, slow metabolism 2, strong 2,
subdued magic 1, MP-powered wands
a: Blink, Shadow Step, Shadow Form, Renounce Religion, Evoke Invisibility, Evoke
Flight
0: Orb of Zot
}: 10/10 runes: decaying, serpentine, slimy, silver, golden, iron, obsidian,
icy, bone, demonic


You escaped.
You worshipped Dithmenos.
Dithmenos was exalted by your worship.
You were full.

You visited 1 branch You collected 3005 gold pieces.
You spent 2959 gold pieces at shops.

Inventory:

Hand Weapons
 z - the +11 quick blade "Zausm" (weapon) {pain, +Inv rElec MR+ Str-4}
   (You found it in the Dungeon)

   In the hands of one skilled in necromantic magic, it inflicts extra damage on
   living creatures.
   It affects your strength (-4).
   It insulates you from electricity.
   It affects your resistance to hostile enchantments.
   It lets you turn invisible.
Missiles
 b - 23 throwing nets (quivered)
Armour
 d - a +3 buckler of resistance (worn)
 f - the +3 hat of Pondering (worn) {ponderous, MR+ MP+10 Int+5}
   (You took it off Gastronok in the Dungeon)

   It affects your intelligence (+5).
   It affects your resistance to hostile enchantments.
   It affects your magic capacity (+10).
 k - the +2 robe "Darghekig" (worn) {rElec rC++ Dex+2}
   (You found it in the Dungeon)

   It affects your dexterity (+2).
   It greatly protects you from cold.
   It insulates you from electricity.
 q - a +2 robe of fire resistance
 u - the +4 dragonskin cloak (worn)
   (You took it off Tiamat in the Dungeon)
Jewellery
 a - a ring of flight (right hand)
 t - an uncursed ring of protection from fire
 G - the ring "Coruttai" {SustAt rPois rF- rC- Int+9}
   (You took it off a vault guard in the Dungeon)

   [ring of sustain attributes]

   It sustains your strength, intelligence and dexterity.
   It affects your intelligence (+9).
   It makes you vulnerable to fire.
   It makes you vulnerable to cold.
   It protects you from poison.
 J - the ring of Symmetry (left hand) {MR+++ MP-9 Int+5 Dex+8}
   (You found it in the Dungeon)

   [ring of intelligence]

   It affects your intelligence (+5).
   It affects your dexterity (+8).
   It affects your resistance to hostile enchantments.
   It affects your magic capacity (-9).
 K - the ring "Ekeu" {Str+4 SInv}
   (You found it in the Dungeon)

   [ring of see invisible]

   It affects your strength (+4).
   It lets you see invisible.
 Q - a +3 amulet of reflection (around neck)
Wands
 e - a wand of enslavement (5/24)
 j - a wand of lightning (2/15)
 w - a wand of teleportation (2/9)
 x - a wand of acid (7/15)
 A - a wand of hasting (3/9)
 E - a wand of heal wounds (3/9)
 F - a wand of iceblast (0/15)
 R - a wand of hasting (2/9)
 T - a wand of digging (8/24)
Scrolls
 h - 3 scrolls of fog
 l - a scroll of holy word
 m - a scroll of recharging
 n - 7 scrolls of remove curse
 v - 4 scrolls of amnesia
 D - a scroll of magic mapping
 I - a scroll of blinking
 L - a scroll of enchant armour
 M - 7 scrolls of enchant weapon
 O - a scroll of fear {unknown}
Potions
 c - 2 potions of cancellation
 o - 2 potions of might
 p - 4 potions of agility
 r - 2 potions of cure mutation
 s - a potion of berserk rage
 B - a potion of flight
 C - 3 potions of lignification
 H - 3 potions of curing
 N - 2 potions of invisibility
 S - 3 potions of resistance
Books
 P - a book of Geomancy

   Spells                             Type                      Level
   a - Sandblast                      Earth                        1
   b - Passwall                       Transmutation/Earth          2
   c - Stone Arrow                    Conjuration/Earth            3
   d - Petrify                        Transmutation/Earth          4
   e - Lee's Rapid Deconstruction     Earth                        5
Comestibles
 i - 36 royal jellies


   Skills:
 + Level 15.8 Fighting
 * Level 26.2 Short Blades
 + Level 14.6 Armour
 O Level 27 Dodging
 O Level 27 Stealth
 + Level 15.0 Shields
 O Level 27 Spellcasting
 + Level 14.5 Conjurations
 + Level 21.1 Hexes
 + Level 15.3 Necromancy
 + Level 21.0 Translocations
 + Level 19.6 Transmutations
 + Level 15.6 Ice Magic
 + Level 16.2 Air Magic
 + Level 14.7 Earth Magic
 + Level 12.2 Poison Magic
 - Level 2.1 Invocations
 + Level 19.5 Evocations


You had one spell level left.
You knew the following spells:

 Your Spells              Type           Power        Failure   Level  Hunger
a - Corona                Hex            #######      0%          1    None
b - Ensorcelled Hibernat  Hex/Ice        ######       0%          2    None
c - Confuse               Hex            #######.     0%          3    None
d - Tukima's Dance        Hex            #######.     0%          3    None
e - Dazzling Spray        Conj/Hex       #######.     0%          3    None
f - Metabolic Englaciati  Hex/Ice        #######...   0%          5    None
g - Bolt of Cold          Conj/Ice       ######....   1%          6    None
h - Freezing Cloud        Conj/Ice/Air   ######....   1%          6    None
i - Ozocubu's Refrigerat  Ice            ######....   1%          6    None
j - Simulacrum            Ice/Necr       ######....   1%          6    None
k - Apportation           Tloc           #######...   0%          1    None
l - Passwall              Trmt/Erth      #######...   0%          2    None
m - Passage of Golubria   Tloc           N/A          0%          4    None
n - Lee's Rapid Deconstr  Erth           ######....   0%          5    None
o - Darkness              Hex            #######...   0%          6    None
p - Mephitic Cloud        Conj/Pois/Air  ######..     0%          3    None
q - Poisonous Cloud       Conj/Pois/Air  ######....   1%          6    None
r - Petrify               Trmt/Erth      #######.     0%          4    None


Dungeon Overview and Level Annotations

Branches:
Dungeon (1/1)

Altars:
Cheibriados
Dithmenos
Elyvilon
Fedhas
Gozag
Kikubaaqudgha
Makhleb
Nemelex Xobeh
Okawaru
Pakellas
Qazlal
Ru
Sif Muna
Trog
Vehumet
Xom
Yredelemnul
Zin
The Shining One
Jiyva
Lugonu

Shops:
D ![:![::%[[%[%?*[%!}[:}=(


Innate Abilities, Weirdness & Mutations

You are tiny and cannot use many weapons and most armour.
You have supernaturally acute eyesight.
You are an herbivore.
You cover ground extremely quickly.
You need consume almost no food.
You have a pair of small horns on your head.
You are surrounded by a mild repulsion field (EV +2).
You can translocate small distances at will.
Your body often deteriorates upon taking damage.
You are dopey. (Int -2)
You are frail (-10% HP).
Your magical capacity is very low (-20% MP).
You are resistant to hostile enchantments.
You passively map a small area around you.
You occasionally shout uncontrollably at your foes.
Your muscles are very strong. (Str +4)
Your spells are a little easier to cast, but a little less powerful.
You expend magic power (3 MP) to strengthen your wands.


Message History

You skewer the profane servitor like a kebab!!!!
You destroy the profane servitor!
Dithmenos accepts your kill.
Your Shields skill increases to level 15!
No target in view!
There is an open door here.
You hear a distant "Zot"!
There is an open door here.
There is an open door here.
There is a fountain of clear blue water here.
There is an open door to the Ecumenical Temple here.
You hear a distant "Zot"!
You hear a distant "Zot"!
You hear a distant "Zot"!
You hear a distant "Zot"!
You hear a distant "Zot"!
You hear a distant "Zot"!
You hear a distant "Zot"!
There is a staircase leading out of the dungeon here.
You have escaped!

▓▓▓▓▓▓▓▓▓ ▓▓
▓@..#[..#### ##.
▓...#......#####..
▓..##.......#..#..
▓##.##.##...#..#..
##.##.###..##+#..
▓#.####.##..###...
▓.###..##..####...
▓#.....##..###....
###..##...##.....


There were no monsters in sight!

Vanquished Creatures
  Antaeus (D)
  the Royal Jelly (D)
  Gloorx Vloq (D)
  An ancient lich (D)
  the Serpent of Hell (D)
  Dispater (D)
  Tiamat (D)
  Mennas (D)
  Mara (D)
  An orb of fire (D)
  Boris (D)
  6 greater mummies (D)
  Frederick (D)
  An iron giant (D)
  A pandemonium lord (D)
  A Killer Klown (D)
  the Lernaean hydra (D)
  Geryon (D)
  4 bone dragons (D)
  A golden dragon (D)
  A profane servitor (D)
  Nikola (D)
  Nellie (D)
  A Brimstone Fiend (D)
  An electric golem (D)
  Rupert (D)
  5 Ice Fiends (D)
  3 Hell Sentinels (D)
  A lich (D)
  4 deep elf blademasters (D)
  Murray (D)
  An Orb Guardian (D)
  Frances (D)
  8 acid blobs (D)
  An Executioner (D)
  Gastronok (D)
  Chuck (D)
  An ancient champion (D)
  2 sphinxes (D)
  4 shadow dragons (D)
  A storm dragon (D)
  Roxanne (D)
  A greater naga (D)
  2 frost giants (D)
  2 fire giants (D)
  13 azure jellies (D)
  3 ghost moths (D)
  Maud (D)
  An iron dragon (D)
  2 draconian shifters (D)
  2 draconian zealots (D)
  Wiglaf (D)
  3 stone giants (D)
  4 war gargoyles (D)
  2 vampire knights (D)
  Azrael (D)
  Nessos (D)
  A spark wasp (shapeshifter) (D)
  A yellow draconian (D)
  2 dire elephants (D)
  A deep elf annihilator (D)
  4 death oozes (D)
  A blizzard demon (D)
  A fire dragon (D)
  12 vault guards (D)
  10 mummy priests (D)
  5 yaktaur captains (D)
  3 hydras (D)
  2 deep elf high priests (D)
  2 centaur warriors (D)
  2 hell beasts (D)
  2 iron elementals (D)
  Erolcha (D)
  An anaconda (shapeshifter) (D)
  3 anacondas (D)
  4 death yaks (D)
  An ogre mage (D)
  4 dancing weapons (D)
  An iron golem (D)
  A deep elf knight (D)
  2 soul eaters (D)
  2 sun demons (D)
  A shadow wraith (D)
  A death drake (D)
  12 skeletal warriors (D)
  An anaconda zombie (D)
  A golden dragon zombie (D)
  A deep troll (shapeshifter) (D)
  4 swamp dragons (D)
  A spriggan druid (D)
  A giant orange brain (D)
  2 orc knights (D)
  3 kraken simulacra (D)
  A lindwurm (D)
  2 obsidian statues (D)
  An orange crystal statue (D)
  4 ugly things (D)
  4 crystal guardians (D)
  A hornet (D)
  8 deep elf magi (D)
  2 oklob plants (D)
  3 shining eyes (D)
  3 stone giant skeletons (D)
  A moth of wrath (D)
  A black mamba (shapeshifter) (D)
  2 elephants (D)
  3 rust devils (D)
  5 black mambas (D)
  A guardian serpent (D)
  9 statues (D)
  An eye of devastation (shapeshifter) (D)
  An iron troll simulacrum (D)
  A molten gargoyle (D)
  2 spiny frogs (D)
  A komodo dragon (D)
  6 hellions (D)
  A fire drake (D)
  8 yaktaurs (D)
  An anaconda simulacrum (D)
  2 ice devils (D)
  23 guardian mummies (D)
  4 spriggan defenders (D)
  2 giant leeches (D)
  A merfolk (shapeshifter) (D)
  2 orc high priests (D)
  A queen bee (D)
  8 blink frogs (D)
  9 slime creatures (D)
  2 spriggans (D)
  5 redbacks (D)
  13 shadows (D)
  A golden eye (D)
  A spatial vortex (D)
  2 hill giants (D)
  2 hydra simulacra (D)
  A naga (D)
  3 swamp drakes (D)
  2 water moccasins (D)
  2 orc warriors (D)
  2 wasps (D)
  A necrophage (D)
  3 two-headed ogres (D)
  3 wandering mushrooms (D)
  A water elemental (D)
  32 killer bees (D)
  4 electric eels (D)
  A jelly (D)
  11 quasits (D)
  Crazy Yiuf (D)
  4 orc priests (D)
  3 necromancers (D)
  A wizard (D)
  4 orc wizards (D)
  A polar bear simulacrum (D)
  2 wolf simulacra (D)
  3 humans (D)
  A kobold demonologist (D)
  7 adders (D)
  6 giant eyeballs (D)
  2 oozes (D)
  An adder zombie (D)
  8 orcs (D)
  A giant cockroach zombie (D)
  A quokka simulacrum (D)
  2 rats (D)
  A ballistomycete (D)
  8 bushes (D)
  7 butterflies (D)
  A giant spore (D)
  35 plants (D)
523 creatures vanquished.

Vanquished Creatures (collateral kills)
  An Orb Guardian (D)
  A shadow dragon (D)
  A fire giant (D)
  6 vault guards (D)
  A naga warrior (D)
  An orc high priest (D)
  A skeletal warrior (D)
  A naga (D)
  An orc warrior (D)
14 creatures vanquished.

Vanquished Creatures (others)
  An eldritch tentacle (D)
  2 draconian scorchers (D)
  A vault guard (D)
  2 mummy priests (D)
  6 dancing weapons (D)
  4 yaktaurs (D)
  5 guardian mummies (D)
  6 ball lightnings (D)
  56 eldritch tentacle segments (D)
  A giant spore (D)
  19 plants (D)
103 creatures vanquished.

Grand Total: 640 creatures vanquished

Notes
Turn   | Place    | Note
--------------------------------------------------------------
     0 | D        | Kidiri the Spriggan Enchanter began the quest for the Orb.
     0 | D        | Reached XP level 1. HP: 9/9 MP: 5/5
     0 | D        | Upgraded the game from 0.18-a0-1303-g41c131c to 0.18-a0-1311-g779ca93
    18 | D        | Reached skill level 5 in Stealth
    18 | D        | Reached XP level 2. HP: 9/14 MP: 7/7
    27 | D        | Learned a level 2 spell: Ensorcelled Hibernation
   178 | D        | Noticed Crazy Yiuf
   181 | D        | Killed Crazy Yiuf
   181 | D        | Reached skill level 1 in Fighting
   181 | D        | Reached skill level 1 in Armour
   181 | D        | Reached skill level 6 in Stealth
   181 | D        | Reached XP level 3. HP: 18/18 MP: 7/9
   200 | D        | Learned a level 3 spell: Confuse
   204 | D        | Learned a level 3 spell: Dazzling Spray
   239 | D        | Killed a white draconian scorcher
   262 | D        | Killed a yaktaur
   320 | D        | Killed a white draconian scorcher
   445 | D        | Reached skill level 1 in Ice Magic
   696 | D        | Gained mutation: You are agile. (Dex +2) [potion of mutation]
   696 | D        | Gained mutation: You have a pair of small horns on your head. [potion of mutation]
   696 | D        | Gained mutation: You can translocate small distances at will. [potion of mutation]
   697 | D        | Gained mutation: Your muscles are strong. (Str +2) [potion of mutation]
   697 | D        | Gained mutation: You are surrounded by a mild repulsion field (EV +2). [potion of mutation]
   705 | D        | Noticed a water elemental
   728 | D        | Killed a water elemental
   728 | D        | Reached skill level 5 in Dodging
   728 | D        | Reached skill level 7 in Stealth
   728 | D        | Reached skill level 5 in Spellcasting
   728 | D        | Reached skill level 1 in Conjurations
   728 | D        | Reached XP level 4. HP: 23/23 MP: 2/12
   750 | D        | Learned a level 3 spell: Tukima's Dance
   815 | D        | Noticed a shadow
   817 | D        | Killed a shadow
   817 | D        | Reached skill level 5 in Short Blades
   817 | D        | Reached skill level 8 in Stealth
   817 | D        | Reached skill level 5 in Hexes
   817 | D        | Reached XP level 5. HP: 27/27 MP: 13/15
   819 | D        | Reached skill level 9 in Stealth
   819 | D        | Reached XP level 6. HP: 32/32 MP: 11/16
   854 | D        | Found an oddly glowing altar of Pakellas.
   854 | D        | Found a stormy altar of Qazlal.
   855 | D        | Found a sacrificial altar of Ru.
   855 | D        | Found a burning altar of Makhleb.
   855 | D        | Found a viscous altar of Jiyva.
   855 | D        | Found a shimmering altar of Xom.
   855 | D        | Found a shadowy altar of Dithmenos.
   855 | D        | Found a sparkling altar of Nemelex Xobeh.
   855 | D        | Found a corrupted altar of Lugonu.
   855 | D        | Found an opulent altar of Gozag.
   855 | D        | Noticed a spatial vortex
   859 | D        | Became a worshipper of Dithmenos the Shadowed
   878 | D        | Killed a spatial vortex
   878 | D        | Reached skill level 1 in Invocations
  1000 | D        | Found a radiant altar of Vehumet.
  1001 | D        | Found a deep blue altar of Sif Muna.
  1001 | D        | Found an ancient bone altar of Kikubaaqudgha.
  1020 | D        | Learned a level 5 spell: Metabolic Englaciation
  1032 | D        | Found an iron altar of Okawaru.
  1033 | D        | Found a bloodstained altar of Trog.
  1033 | D        | Noticed a human
  1033 | D        | Noticed a human
  1039 | D        | Killed a human
  1039 | D        | Reached * piety under Dithmenos
  1039 | D        | Reached skill level 10 in Stealth
  1039 | D        | Reached XP level 7. HP: 28/36 MP: 11/19
  1043 | D        | Killed a human
  1129 | D        | Found a glowing silver altar of Zin.
  1130 | D        | Found a glowing golden altar of the Shining One.
  1130 | D        | Found a white marble altar of Elyvilon.
  1130 | D        | Noticed a deep elf mage
  1132 | D        | Killed a deep elf mage
  1132 | D        | Reached skill level 10 in Dodging
  1132 | D        | Reached skill level 11 in Stealth
  1132 | D        | Reached XP level 8. HP: 40/42 MP: 20/22
  1142 | D        | Learned a level 6 spell: Bolt of Cold
  1154 | D        | Found a snail-covered altar of Cheibriados.
  1155 | D        | Found a basalt altar of Yredelemnul.
  1155 | D        | Found a blossoming altar of Fedhas.
  1159 | D        | Reached ** piety under Dithmenos
  1258 | D        | Killed a yaktaur
  1291 | D        | Reached *** piety under Dithmenos
  1291 | D        | Reached skill level 12 in Stealth
  1305 | D        | Noticed Erolcha
  1307 | D        | Killed Erolcha
  1307 | D        | Reached skill level 10 in Spellcasting
  1307 | D        | Reached XP level 9. HP: 46/46 MP: 22/24
  1308 | D        | Reached skill level 13 in Stealth
  1418 | D        | Learned a level 6 spell: Freezing Cloud
  1420 | D        | Noticed a queen bee
  1422 | D        | Reached **** piety under Dithmenos
  1444 | D        | Reached ***** piety under Dithmenos
  1461 | D        | Reached skill level 5 in Ice Magic
  1586 | D        | Reached skill level 10 in Short Blades
  1603 | D        | Reached skill level 1 in Air Magic
  1605 | D        | Reached skill level 14 in Stealth
  1609 | D        | Reached skill level 5 in Fighting
  1622 | D        | Killed a queen bee
  1754 | D        | Reached ****** piety under Dithmenos
  1756 | D        | Reached XP level 10. HP: 51/51 MP: 5/26
  1810 | D        | Reached skill level 5 in Armour
  2231 | D        | Noticed a spiny frog
  2231 | D        | Noticed a spiny frog
  2235 | D        | Killed a spiny frog
  2242 | D        | Killed a spiny frog
  2244 | D        | Reached skill level 15 in Stealth
  2336 | D        | Noticed a lindwurm
  2339 | D        | Killed a lindwurm
  2339 | D        | Reached skill level 5 in Conjurations
  2349 | D        | Noticed Maud
  2351 | D        | Killed Maud
  2351 | D        | Reached XP level 11. HP: 56/56 MP: 28/28
  2366 | D        | Learned a level 6 spell: Ozocubu's Refrigeration
  2367 | D        | Noticed a seven-headed hydra
  2367 | D        | Noticed a six-headed hydra
  2378 | D        | Killed a seven-headed hydra
  2378 | D        | Reached skill level 16 in Stealth
  2382 | D        | Killed a six-headed hydra
  2427 | D        | Noticed a death drake
  2430 | D        | Killed a death drake
  2440 | D        | Found a blossoming altar of Fedhas.
  2440 | D        | Noticed a spriggan druid
  2442 | D        | Killed a spriggan druid
  2442 | D        | Reached skill level 15 in Dodging
  2442 | D        | Reached skill level 10 in Hexes
  2580 | D        | Noticed an anaconda
  2580 | D        | Noticed an anaconda
  2580 | D        | Noticed an anaconda
  2582 | D        | Killed an anaconda
  2584 | D        | Killed an anaconda
  2584 | D        | Reached skill level 17 in Stealth
  2592 | D        | Killed an anaconda
  2644 | D        | Noticed a naga warrior
  2644 | D        | Noticed a greater naga
  2644 | D        | Found Wubribal's Distillery.
  2644 | D        | Found Xestuc's Antique Armour Shoppe.
  2646 | D        | Found Vumnenk's Book Boutique.
  2662 | D        | Killed a greater naga
  2662 | D        | Reached skill level 5 in Air Magic
  2671 | D        | Killed a naga warrior
  2671 | D        | Reached XP level 12. HP: 35/63 MP: 4/31
  2834 | D        | Got a serpentine rune of Zot
  2936 | D        | Reached skill level 18 in Stealth
  3041 | D        | Noticed Rupert
  3046 | D        | Killed Rupert
  3066 | D        | Noticed a death yak
  3067 | D        | Noticed a death yak
  3068 | D        | Noticed a death yak
  3075 | D        | Noticed a death yak
  3075 | D        | Killed a death yak
  3075 | D        | Reached skill level 15 in Spellcasting
  3222 | D        | Killed a death yak
  3223 | D        | Killed a death yak
  3410 | D        | Killed a death yak
  3410 | D        | Reached skill level 19 in Stealth
  3424 | D        | Noticed an azure jelly
  3424 | D        | Noticed an azure jelly
  3506 | D        | Learned a level 6 spell: Simulacrum
  3554 | D        | Found Kuwn's Distillery.
  3554 | D        | Found Wasick's Antique Armour Boutique.
  3554 | D        | Found Ziyk's Book Emporium.
  3773 | D        | Noticed the 27-headed Lernaean hydra
  3782 | D        | Noticed a seven-headed hydra
  3784 | D        | Reached skill level 1 in Necromancy
  3785 | D        | Killed the 27-headed Lernaean hydra
  3785 | D        | Reached XP level 13. HP: 66/68 MP: 16/34
  3863 | D        | Got a decaying rune of Zot
  3920 | D        | Noticed an azure jelly
  3920 | D        | Noticed an azure jelly
  3921 | D        | Noticed a dire elephant
  3921 | D        | Noticed a dire elephant
  3921 | D        | Noticed Gastronok
  3936 | D        | Killed a dire elephant
  3947 | D        | Killed a dire elephant
  3947 | D        | Reached skill level 20 in Stealth
  3954 | D        | Killed Gastronok
  3954 | D        | Reached skill level 15 in Short Blades
  4040 | D        | Lost mutation: You are agile. (Dex +2) [potion of mutation]
  4040 | D        | Gained mutation: You are resistant to hostile enchantments. [potion of mutation]
  4206 | D        | Found Keynus's Book Shoppe.
  4566 | D        | Bought a runed robe for 16 gold pieces
  4818 | D        | Bought a book of Enchantments for 500 gold pieces
  5354 | D        | Noticed a deep elf annihilator
  5359 | D        | Killed a deep elf annihilator
  5360 | D        | Noticed a deep elf blademaster
  5903 | D        | Killed a deep elf blademaster
  5903 | D        | Reached skill level 21 in Stealth
  6071 | D        | Got a flickering lapis lazuli ring
  6118 | D        | Identified the ring of a Thousand Spirits {Dex+4 Stlth+} (You found it in the Dungeon)
  6319 | D        | Learned a level 1 spell: Apportation
  6324 | D        | Learned a level 2 spell: Passwall
  6407 | D        | Noticed Wiglaf
  6407 | D        | Noticed Frances
  6409 | D        | Killed Wiglaf
  6409 | D        | Reached skill level 1 in Translocations
  6409 | D        | Reached skill level 1 in Transmutations
  6409 | D        | Reached skill level 1 in Evocations
  6410 | D        | Killed Frances
  6410 | D        | Reached skill level 1 in Earth Magic
  6461 | D        | Reached XP level 14. HP: 48/75 MP: 36/36
  6589 | D        | Found Vanlirol's Distillery.
  6589 | D        | Found Vicroil's Antique Armour Shop.
  6589 | D        | Found Caxadgh's Antique Armour Boutique.
  6589 | D        | Found Buuneq's Antique Weapon Shoppe.
  6589 | D        | Found Funapopi's Food Boutique.
  6589 | D        | Found Duamip's Gadget Emporium.
  6589 | D        | Found Qeobri Qocoa's General Store.
  6589 | D        | Found Poorhekk's Jewellery Shop.
  6589 | D        | Found Ximacw's Magic Scroll Shop.
  6589 | D        | Found Ziddisso's Gadget Emporium.
  6589 | D        | Found Rejied's Food Emporium.
  6589 | D        | Found Ilat's Book Boutique.
  6605 | D        | Bought a scroll of identify for 26 gold pieces
  6605 | D        | Bought a scroll of identify for 26 gold pieces
  6605 | D        | Bought a scroll of identify for 26 gold pieces
  6610 | D        | Bought a scroll of enchant weapon for 75 gold pieces
  6610 | D        | Bought a potion of magic for 80 gold pieces
  6610 | D        | Bought a scroll of enchant armour for 75 gold pieces
  6610 | D        | Bought a potion of beneficial mutation for 350 gold pieces
  6610 | D        | Gained mutation: You passively map a small area around you. [potion of beneficial mutation]
  6614 | D        | Bought a scroll of enchant weapon for 97 gold pieces
  6618 | D        | Bought a potion of heal wounds for 70 gold pieces
  6618 | D        | Bought 2 potions of curing for 84 gold pieces
  6618 | D        | Bought a potion of curing for 42 gold pieces
  6638 | D        | Bought a glowing cloak for 90 gold pieces
  6638 | D        | Bought a buckler for 90 gold pieces
  6900 | D        | Reached skill level 1 in Shields
  6908 | D        | Reached skill level 5 in Necromancy
  7008 | D        | Got a steaming quick blade
  7010 | D        | Identified the +11 quick blade "Zausm" {pain, +Inv rElec MR+ Str-4} (You found it in the Dungeon)
  7025 | D        | Learned a level 4 spell: Passage of Golubria
  7364 | D        | Noticed Chuck
  7388 | D        | Killed Chuck
  7388 | D        | Reached skill level 22 in Stealth
  7565 | D        | Noticed Frederick
  7568 | D        | Killed Frederick
  7568 | D        | Reached skill level 5 in Translocations
  7568 | D        | Reached skill level 5 in Evocations
  7627 | D        | Noticed a lich
  7629 | D        | Killed a lich
  7629 | D        | Reached skill level 5 in Transmutations
  7657 | D        | Noticed a shadow dragon
  7657 | D        | Noticed a shadow dragon
  7658 | D        | Killed a shadow dragon
  7659 | D        | Killed a shadow dragon
  7696 | D        | Reached skill level 10 in Fighting
  7961 | D        | Noticed a bone dragon
  7978 | D        | Killed a bone dragon
  7978 | D        | Reached skill level 23 in Stealth
  7978 | D        | Reached skill level 5 in Shields
  7978 | D        | Reached XP level 15. HP: 80/80 MP: 38/38
  8017 | D        | Noticed a bone dragon
  8019 | D        | Killed a bone dragon
  8019 | D        | Reached skill level 10 in Ice Magic
  8040 | D        | Noticed a bone dragon
  8042 | D        | Killed a bone dragon
  8042 | D        | Reached skill level 5 in Earth Magic
  8214 | D        | Noticed a bone dragon
  8216 | D        | Killed a bone dragon
  8219 | D        | Noticed a sphinx
  8219 | D        | Noticed a sphinx
  8250 | D        | Killed a sphinx
  8317 | D        | Killed a sphinx
  8803 | D        | Reached skill level 10 in Air Magic
  9346 | D        | Noticed a greater mummy
  9346 | D        | Noticed a greater mummy
 10091 | D        | Learned a level 5 spell: Lee's Rapid Deconstruction
 10152 | D        | Reached skill level 24 in Stealth
 10163 | D        | Killed a greater mummy
 10476 | D        | Killed a greater mummy
 10476 | D        | Reached skill level 10 in Armour
 10509 | D        | Got a golden rune of Zot
 10514 | D        | Got a steaming robe
 10525 | D        | Identified the +2 robe "Darghekig" {rElec rC++ Dex+2} (You found it in the Dungeon)
 10551 | D        | Got a fine buckler
 10562 | D        | Identified the +0 buckler of Beyond {-Cast MR+ rCorr Dex+3} (You acquired it in the Dungeon)
 10810 | D        | Noticed a shadow dragon
 10811 | D        | Noticed a fire giant
 10811 | D        | Noticed a golden dragon
 10811 | D        | Noticed a shadow dragon
 10811 | D        | Noticed a fire giant
 10811 | D        | Noticed a frost giant
 10811 | D        | Noticed a shadow dragon
 10822 | D        | Reached skill level 10 in Translocations
 10829 | D        | Killed a fire giant
 10837 | D        | Reached XP level 16. HP: 43/83 MP: 26/41
 10839 | D        | Reached skill level 15 in Hexes
 11110 | D        | Reached skill level 25 in Stealth
 11110 | D        | Reached skill level 10 in Conjurations
 11110 | D        | Reached skill level 10 in Evocations
 11327 | D        | Killed a shadow dragon
 11327 | D        | Reached skill level 10 in Transmutations
 11615 | D        | Got a brightly glowing robe
 11627 | D        | Identified the +0 robe of Nefrael {+Blink Regen+ Str-4 SInv} (You took it off a centaur warrior in the Dungeon)
 11627 | D        | Lost strength.
 11672 | D        | Got a wavering platinum ring
 11675 | D        | Identified the ring "Coruttai" {SustAt rPois rF- rC- Int+9} (You took it off a vault guard in the Dungeon)
 11712 | D        | Killed a golden dragon
 11728 | D        | Killed a shadow dragon
 11733 | D        | Killed a shadow dragon
 11931 | D        | Got a silver rune of Zot
 12496 | D        | Noticed Azrael
 12498 | D        | Killed Azrael
 13089 | D        | Noticed Boris
 13092 | D        | Killed Boris
 13100 | D        | Reached skill level 26 in Stealth
 13309 | D        | Found Suana's Armour Emporium.
 13309 | D        | Found Reczil's Food Shop.
 13309 | D        | Found Vaeciq's Armour Shop.
 13309 | D        | Found Leanonyf's Armour Shoppe.
 13324 | D        | Found Podghura's Food Boutique.
 13470 | D        | Reached skill level 10 in Shields
 13510 | D        | Noticed Mara
 13524 | D        | Killed Mara
 13660 | D        | Noticed an ancient champion
 13661 | D        | Killed an ancient champion
 13661 | D        | Reached XP level 17. HP: 92/92 MP: 43/43
 13663 | D        | Got a warped tin ring
 13669 | D        | Identified the ring of Symmetry {MR+++ MP-9 Int+5 Dex+8} (You found it in the Dungeon)
 13767 | D        | Noticed Roxanne
 13771 | D        | Killed Roxanne
 13782 | D        | Learned a level 6 spell: Darkness
 13852 | D        | Noticed Mennas
 13854 | D        | Killed Mennas
 13854 | D        | Reached skill level 10 in Necromancy
 14314 | D        | Noticed Nikola
 14317 | D        | Reached skill level 27 in Stealth
 14319 | D        | Killed Nikola
 14429 | D        | Noticed Nessos
 14431 | D        | Killed Nessos
 14627 | D        | Noticed a deep elf blademaster
 14627 | D        | Noticed a deep elf blademaster
 14627 | D        | Noticed a deep elf blademaster
 14649 | D        | Killed a deep elf blademaster
 14650 | D        | Killed a deep elf blademaster
 14652 | D        | Killed a deep elf blademaster
 14862 | D        | Noticed a Killer Klown
 14864 | D        | Killed a Killer Klown
 14918 | D        | Noticed an Orb Guardian
 14918 | D        | Noticed an Orb Guardian
 14927 | D        | Reached skill level 10 in Earth Magic
 14929 | D        | Killed an Orb Guardian
 14930 | D        | Killed an Orb Guardian
 15200 | D        | Noticed an ancient lich
 15202 | D        | Killed an ancient lich
 15436 | D        | Bought a book of Clouds for 540 gold pieces
 15440 | D        | Learned a level 3 spell: Mephitic Cloud
 16119 | D        | Reached skill level 15 in Translocations
 16137 | D        | Reached skill level 1 in Poison Magic
 16519 | D        | Noticed an electric golem
 16521 | D        | Killed an electric golem
 16531 | D        | Reached XP level 18. HP: 64/98 MP: 21/46
 16797 | D        | Noticed Geryon
 16806 | D        | Killed Geryon
 16806 | D        | Reached skill level 27 in Dodging
 17034 | D        | Noticed Gloorx Vloq
 17037 | D        | Killed Gloorx Vloq
 17037 | D        | Reached skill level 15 in Transmutations
 17037 | D        | Reached skill level 5 in Poison Magic
 17037 | D        | Reached skill level 15 in Evocations
 17099 | D        | Noticed a greater mummy
 17105 | D        | Killed a greater mummy
 17218 | D        | Noticed a greater mummy
 17220 | D        | Killed a greater mummy
 17424 | D        | Noticed a greater mummy
 17424 | D        | Noticed Murray
 17424 | D        | Noticed a greater mummy
 17429 | D        | Killed Murray
 17430 | D        | Killed a greater mummy
 17431 | D        | Killed a greater mummy
 17439 | D        | Got a bone rune of Zot
 17762 | D        | Noticed an iron giant
 17765 | D        | Killed an iron giant
 18014 | D        | Noticed a Hell Sentinel
 18015 | D        | Reached XP level 19. HP: 106/106 MP: 49/49
 18077 | D        | Learned a level 6 spell: Poisonous Cloud
 18078 | D        | Noticed Dispater
 18080 | D        | Killed Dispater
 18087 | D        | Gained mutation: Your muscles are very strong. (Str +4) [potion of mutation]
 18116 | D        | Got an iron rune of Zot
 18292 | D        | Noticed Tiamat
 18308 | D        | Killed Tiamat
 18601 | D        | Bought a scroll of magic mapping for 45 gold pieces
 18601 | D        | Bought a scroll of blinking for 97 gold pieces
 18618 | D        | Bought an uncursed ring of resist corrosion for 280 gold pieces
 18795 | D        | Bought a +3 amulet of reflection for 350 gold pieces
 18988 | D        | Noticed the Royal Jelly
 18988 | D        | Found a viscous altar of Jiyva.
 19368 | D        | Killed the Royal Jelly
 19368 | D        | Reached skill level 15 in Air Magic
 19368 | D        | Reached skill level 10 in Poison Magic
 20081 | D        | Got a slimy rune of Zot
 20448 | D        | Got a bound jade ring
 20477 | D        | Reached skill level 15 in Fighting
 20491 | D        | Noticed Antaeus
 20513 | D        | Reached skill level 27 in Spellcasting
 20515 | D        | Identified the Catalogue of Quantum Talismans
 20539 | D        | Identified the ring "Ekeu" {Str+4 SInv} (You found it in the Dungeon)
 20597 | D        | Learned a level 4 spell: Petrify
 20612 | D        | Killed Antaeus
 20612 | D        | Reached skill level 15 in Ice Magic
 20614 | D        | Got an icy rune of Zot
 21011 | D        | Noticed the Serpent of Hell
 21012 | D        | Noticed a Brimstone Fiend
 21013 | D        | Killed the Serpent of Hell
 21370 | D        | Killed a Brimstone Fiend
 22174 | D        | Reached XP level 20. HP: 34/114 MP: 45/52
 22659 | D        | Reached skill level 15 in Necromancy
 23101 | D        | Got an obsidian rune of Zot
 23157 | D        | Got a polished spear
 23390 | D        | Noticed an orb of fire
 23392 | D        | Killed an orb of fire
 23467 | D        | Gained mutation: Your body sometimes deteriorates upon taking damage. [mutagenic glow]
 23500 | D        | Gained mutation: Your spells are a little easier to cast, but a little less powerful. [mutagenic glow]
 23556 | D        | Gained mutation: Your body often deteriorates upon taking damage. [mutagenic glow]
 23583 | D        | Gained mutation: Your magical capacity is low (-10% MP). [mutagenic glow]
 23614 | D        | Gained mutation: You expend magic power (3 MP) to strengthen your wands. [mutagenic glow]
 23939 | D        | Noticed Nellie
 23944 | D        | Killed Nellie
 23949 | D        | Got a demonic rune of Zot
 24117 | D        | Got the Orb of Zot
 24119 | D        | Gained mutation: Your magical capacity is very low (-20% MP). [mutagenic glow]
 24170 | D        | Gained mutation: You are dopey. (Int -2) [mutagenic glow]
 24188 | D        | Noticed Waec the pandemonium lord
 24193 | D        | Killed Waec the pandemonium lord
 24265 | D        | Gained mutation: You occasionally shout uncontrollably at your foes. [mutagenic glow]
 24298 | D        | Gained mutation: You are frail (-10% HP). [mutagenic glow]
 24301 | D        | Noticed a profane servitor
 24309 | D        | Killed a profane servitor
 24309 | D        | Reached skill level 15 in Shields
 24378 | D        | Escaped with the Orb!

Vault maps used:
D:        dungeon_sprint_mu

Action                   |  1- 3 |  4- 6 |  7- 9 | 10-12 | 13-15 | 16-18 | 19-21 || total
-------------------------+-------+-------+-------+-------+-------+-------+-------++-------
Melee: Dagger            |    42 |    17 |    40 |   181 |    46 |       |       ||   326
       Quick blade       |       |       |       |       |   161 |   274 |    59 ||   494
Throw: Throwing net      |       |       |       |       |     9 |     2 |     1 ||    12
 Cast: Ensorcelled Hiber |     6 |     2 |    26 |    24 |     7 |    15 |     2 ||    82
       Dazzling Spray    |     2 |     6 |    14 |    32 |    77 |    77 |    33 ||   241
       Corona            |     2 |       |       |       |       |       |       ||     2
       Confuse           |     1 |     1 |     3 |     9 |    16 |     1 |    19 ||    50
       Tukima's Dance    |       |       |       |     1 |    12 |     9 |       ||    22
       Metabolic Englaci |       |       |       |     1 |       |       |       ||     1
       Bolt of Cold      |       |       |       |     5 |    14 |    13 |    26 ||    58
       Freezing Cloud    |       |       |       |     2 |    29 |    10 |     8 ||    49
       Passage of Golubr |       |       |       |       |     2 |       |       ||     2
       Apportation       |       |       |       |       |     1 |     5 |       ||     6
       Lee's Rapid Decon |       |       |       |       |       |    37 |     6 ||    43
       Simulacrum        |       |       |       |       |       |     9 |       ||     9
       Passwall          |       |       |       |       |       |     3 |       ||     3
Invok: Shadow Step       |       |       |     1 |    13 |    17 |    15 |     9 ||    55
 Abil: Blink             |       |       |       |       |    12 |     1 |     8 ||    21
       Evoke Invisibilit |       |       |       |       |     1 |     2 |     1 ||     4
       Evoke Flight      |       |       |       |       |       |     5 |     9 ||    14
       Stop Flying       |       |       |       |       |       |       |     1 ||     1
Evoke: Wand              |       |       |       |       |       |       |     9 ||     9
  Use: Potion            |     5 |       |       |     1 |     8 |     3 |    11 ||    28
       Scroll            |       |       |       |     1 |    15 |    14 |     4 ||    34
 Stab: Sleeping          |     3 |     5 |    28 |    44 |    59 |    99 |    23 ||   261
       Invisible         |       |       |     2 |     3 |     6 |     5 |     5 ||    21
       Confused          |       |       |       |     1 |     5 |     1 |     4 ||    11
       Distracted        |       |       |       |       |     2 |     3 |     2 ||     7
       Held in net/web   |       |       |       |       |     8 |     3 |     2 ||    13
  Eat: Bread ration      |       |       |       |     1 |     2 |       |       ||     3
       Fruit             |       |       |       |       |     9 |     2 |       ||    11
       Royal jelly       |       |       |       |       |       |       |     6 ||     6
       Pizza             |       |       |       |       |       |       |     1 ||     1
